details: 'let an elf mass expo just to base race him later'

« prev index next »

General information

Mini Map

Players

team 1
Humanmerc.b (orange | 70 APM | 4342 actions | 61:35)
Hero icon 7 Archmage
Ability icon 3 Blizzard
Ability icon 3 Brilliance Aura
Ability icon 1 Mass Teleport
Hero icon 6 Blood Mage
Ability icon 3 Flame Strike
Ability icon 1 Banish
Ability icon 1 Siphon Mana
Ability icon 1 Summon Phoenix

» actions
Assign group hotkey78
Basic commands189
Build / train151
ESC pressed2
Enter build submenu47
Enter hero's abilities submenu13
Give item / drop item13
Right click1852
Select / deselect990
Select group hotkey605
Use ability402
4342 total
» units
Peasant19
Goblin Shredder1
Goblin Zeppelin2
Dragonhawk Rider12
Gryphon Rider4
Sorceress3
Siege Engine3
44 total
» upgrades
Masonry3
Swords3
Armor4
Cloud1
Storm Hammers1
Sorceress Training2
Magic Sentry1
Gunpowder3
Plating3
Animal War Training1
Barrage1
23 total
» buildings
Altar of Kings1
Farm12
Lumber Mill1
Arcane Vault1
Scout Tower25
Arcane Tower4
Guard Tower20
Town Hall1
Keep2
Blacksmith2
Castle1
Gryphon Aviary4
Arcane Sanctum1
Workshop4
Barracks2
81 total
» build order
00:04 Altar of Kings
00:24 Farm
00:25 Farm
00:43 Lumber Mill
00:59 Arcane Vault
01:13 Scout Tower
02:02 Arcane Tower
02:20 Scout Tower
02:25 Scout Tower
02:52 Arcane Tower
02:53 Scout Tower
03:07 Guard Tower
03:13 Scout Tower
03:23 Guard Tower
03:31 Farm
03:46 Guard Tower
04:32 Scout Tower
04:36 Scout Tower
04:36 Scout Tower
04:49 Scout Tower
05:01 Scout Tower
05:10 Town Hall
05:37 Guard Tower
05:41 Scout Tower
05:42 Guard Tower
05:43 Guard Tower
06:24 Scout Tower
06:31 Scout Tower
06:54 Scout Tower
07:00 Keep
07:00 Keep
07:01 Guard Tower
07:15 Arcane Tower
07:16 Guard Tower
07:20 Scout Tower
07:20 Scout Tower
07:22 Scout Tower
08:03 Blacksmith
08:03 Blacksmith
08:06 Farm
08:12 Guard Tower
08:13 Guard Tower
08:16 Guard Tower
08:17 Guard Tower
08:17 Guard Tower
08:58 Arcane Tower
09:41 Farm
09:43 Castle
10:26 Gryphon Aviary
10:51 Guard Tower
10:56 Guard Tower
11:13 Gryphon Aviary
11:13 Gryphon Aviary
11:29 Gryphon Aviary
12:03 Arcane Sanctum
17:09 Farm
17:16 Farm
17:16 Farm
18:42 Guard Tower
18:52 Farm
18:53 Farm
18:53 Farm
24:36 Scout Tower
24:36 Scout Tower
24:37 Scout Tower
24:38 Scout Tower
25:41 Guard Tower
25:59 Workshop
26:00 Workshop
26:01 Workshop
26:18 Scout Tower
26:19 Scout Tower
26:21 Scout Tower
28:12 Guard Tower
34:28 Workshop
36:56 Scout Tower
37:42 Guard Tower
38:05 Barracks
38:07 Barracks
» items
Mechanical Critter3
Scroll of Regeneration9
Lesser Clarity Potion5
Staff of Teleportation2
Boots of Speed2
Potion of Invisibility2
Potion of Lesser Invulnerability2
Ivory Tower5
Scroll of Town Portal5
Potion of Healing2
Staff of Sanctuary2
Potion of Mana1
Periapt of Vitality1
Scroll of Protection1
42 total
team 2
NightElfCoBraa (red | 133 APM | 8222 actions | 61:35)
Hero icon 4 Demon Hunter
Ability icon 2 Mana Burn
Ability icon 2 Evasion
Hero icon 3 Keeper of the Grove
Ability icon 2 Entangling Roots
Ability icon 1 Force of Nature

» actions
Assign group hotkey112
Basic commands444
Build / train188
ESC pressed18
Enter build submenu89
Enter hero's abilities submenu7
Give item / drop item3
Right click2764
Select / deselect1279
Select group hotkey2971
Use ability346
8222 total
» units
Wisp99
Dryad8
Hippogryph12
Chimaera2
Goblin Zeppelin1
Faerie Dragon1
Druid of the Claw7
130 total
» upgrades
Abolish Magic1
Nature's Blessing1
Strength of the Wild3
Reinforced Hides3
Well Spring1
Ultravision1
Druid of the Claw Training2
12 total
» buildings
Moon Well14
Altar of Elders2
Ancient of War6
Tree of Ages3
Hunter's Hall2
Tree of Life12
Ancient of Lore4
Ancient of Wind7
Ancient Protector23
Ancient of Wonders1
Tree of Eternity4
Chimaera Roost3
81 total
» build order
00:35 Moon Well
01:07 Altar of Elders
01:12 Ancient of War
01:26 Altar of Elders
01:31 Moon Well
02:22 Moon Well
02:23 Moon Well
03:07 Tree of Ages
03:07 Tree of Ages
03:07 Tree of Ages
03:20 Hunter's Hall
04:33 Tree of Life
05:47 Tree of Life
05:52 Ancient of Lore
06:49 Ancient of Wind
07:50 Ancient of Lore
09:28 Ancient of Lore
09:38 Ancient of War
09:47 Ancient Protector
10:10 Ancient Protector
10:25 Ancient of War
10:33 Ancient of War
11:17 Ancient of Wonders
11:32 Ancient Protector
11:36 Ancient Protector
11:50 Moon Well
11:50 Moon Well
12:04 Ancient Protector
12:05 Ancient of War
13:37 Ancient of Wind
13:45 Ancient Protector
14:11 Ancient of War
14:26 Ancient Protector
14:46 Tree of Eternity
14:46 Tree of Eternity
14:46 Tree of Eternity
14:55 Ancient Protector
15:52 Ancient Protector
15:55 Ancient Protector
16:03 Ancient Protector
16:04 Ancient Protector
17:39 Hunter's Hall
18:03 Chimaera Roost
18:49 Chimaera Roost
18:53 Ancient of Wind
21:12 Tree of Life
21:43 Tree of Life
21:54 Chimaera Roost
22:42 Ancient Protector
22:43 Ancient Protector
22:45 Tree of Life
22:52 Ancient Protector
23:33 Ancient of Wind
23:54 Moon Well
25:51 Ancient of Wind
25:51 Ancient of Wind
26:24 Moon Well
26:24 Moon Well
29:41 Ancient Protector
29:44 Moon Well
30:30 Moon Well
32:03 Ancient Protector
33:28 Ancient Protector
33:32 Ancient Protector
34:02 Ancient Protector
35:14 Tree of Life
37:55 Tree of Life
41:09 Ancient of Wind
42:22 Ancient Protector
42:23 Ancient Protector
46:52 Tree of Life
47:57 Tree of Life
49:15 Ancient Protector
51:19 Tree of Life
51:51 Ancient of Lore
54:24 Moon Well
54:24 Moon Well
54:24 Moon Well
57:34 Tree of Life
61:10 Tree of Life
» items
Boots of Speed1
Staff of Teleportation2
Scroll of Town Portal6
Potion of Healing1
Orb of Venom1
11 total